 Dungeon Crawl Stone Soup version 0.19-a0-1002-g674d22e (webtiles) character file.

78249 HAL9000 the Shatterer (level 15, -4/165 HPs)
             Began as an Ogre Hunter on July 18, 2016.
             Was a High Priest of Trog.
             Shot with an arrow by Nessos (19 damage)
             ... on level 14 of the Dungeon.
             The game lasted 01:13:30 (29813 turns).

HAL9000 the Shatterer (Ogre Hunter)                Turns: 29813, Time: 01:13:31

Health: -4/165     AC: 10    Str: 22    XL:     15   Next: 59%
Magic:  5/5        EV: 17    Int: 12    God:    Trog [*****.]
Gold:   1635       SH:  3    Dex: 18    Spells: 0 memorised, 14 levels left

rFire  + . .     SeeInvis .     e - +4 giant spiked club (antimagic) {god gift}
rCold  + . .     Gourm    .     u - +2 robe {rC+}
rNeg   . . .     Faith    .     (shield currently unavailable)
rPois  .         Spirit   .     (helmet restricted)
rElec  .         Dismiss  .     y - +2 cloak
rCorr  .         Reflect  +     (gloves unavailable)
SustAt .         Harm     .     (boots unavailable)
MR     ++...                    M - +3 amulet of reflection
Stlth  ++........               v - +2 ring of protection
                                z - ring "Eseq" {rF+ MR+ Int+2 Dex+4}

@: very resistant to hostile enchantments, unstealthy
A: unfitting armour, tough skin 1
a: Berserk, Trog's Hand, Brothers in Arms, Burn Spellbooks, Renounce Religion


You were on level 14 of the Dungeon.
You worshipped Trog.
Trog was extremely pleased with you.
You were very hungry.

You visited 2 branches of the dungeon, and saw 20 of its levels.
You also visited: Ossuary.

You collected 1635 gold pieces.

Inventory:

Hand Weapons
 e - a +4 antimagic giant spiked club (weapon) {god gift}
Missiles
 c - 30 large rocks (quivered)
 d - 2 throwing nets
 p - 2 steel tomahawks {god gift}
 B - 6 exploding tomahawks {god gift}
 U - 8 poisoned javelins {god gift}
Armour
 k - a troll hide
 u - a +2 robe of cold resistance (worn)
 y - a +2 cloak (worn)
Rods
 S - a +5 iron rod (10/10)
   (You found it on level 12 of the Dungeon)
Jewellery
 v - a +2 ring of protection (right hand)
 z - the ring "Eseq" (left hand) {rF+ MR+ Int+2 Dex+4}
   (You found it on level 8 of the Dungeon)

   [ring of dexterity]

   It affects your intelligence (+2).
   It affects your dexterity (+4).
   It protects you from fire.
   It affects your resistance to hostile enchantments.
 K - an uncursed ring of protection from magic
 M - a +3 amulet of reflection (around neck)
 Q - an uncursed ring of protection from fire
 Z - an uncursed ring of see invisible
Wands
 F - a wand of teleportation (4/9)
 G - a wand of paralysis (14/24)
 T - a wand of disintegration (9/24)
 W - a wand of lightning (13/15)
Scrolls
 a - a scroll of recharging
 o - a scroll of enchant weapon
 q - 4 scrolls of fear
 t - 10 scrolls of teleportation
 A - 2 scrolls of holy word
 D - 5 scrolls of identify
 I - 2 scrolls of fog
 O - 4 scrolls of remove curse
 R - 3 scrolls of magic mapping
 V - 7 scrolls of blinking
Potions
 b - a potion of might
 h - 3 potions of cancellation
 n - 6 potions of brilliance
 s - 4 potions of haste
 C - 3 potions of curing
 H - a potion of magic
 J - 2 potions of heal wounds
 L - 2 potions of agility
 N - a potion of resistance
 P - 4 potions of flight
 X - a potion of invisibility
 Y - 2 potions of berserk rage
Books
 j - a book of Spatial Translocations

   Spells                             Type                      Level
   a - Apportation                    Translocation                1
   b - Blink                          Translocation                2
   c - Shroud of Golubria             Charms/Translocation         2
   d - Portal Projectile              Translocation                3
   e - Teleport Other                 Translocation                3
   f - Passage of Golubria            Translocation                4
   Trog disapproves of the use of such an item.
Miscellaneous
 m - 2 boxes of beasts
Comestibles
 f - 10 bread rations
 g - 3 beef jerkies
 l - 12 meat rations
 r - 2 fruits
 x - 10 royal jellies


   Skills:
 + Level 14.7 Fighting
 * Level 22.1 Maces & Flails
 + Level 10.5 Throwing
 - Level 6.0 Armour
 + Level 9.7 Dodging
 - Level 0.7 Stealth
 + Level 2.1 Evocations


You had 14 spell levels left.
You didn't know any spells.

Dungeon Overview and Level Annotations

Branches:
Dungeon (14/15)            Temple (0/1) D:6            Lair (6/6) D:8
 Shoals (0/4) Lair:2       Spider (0/4) Lair:3        Slime (0/5) Lair:6
    Orc (0/2) D:11         Vaults (0/5) D:13

Altars:
Ashenzari
Cheibriados
Gozag
Hepliaklqana
Kikubaaqudgha
Qazlal
Sif Muna
Trog
Uskayaw
Yredelemnul
Jiyva

Shops:
D:13 [

Annotations:
D:4 Pikel


Innate Abilities, Weirdness & Mutations

You are too large for most types of armour.
You have tough skin. (AC +1)


Message History

You bludgeon the yak!!
The yak is severely wounded.
Your deep troll bites the yak!
Your deep troll barely misses the yak.
Your deep troll claws the yak!!
The yak dies!
Trog accepts your kill. The yak barely misses you.
Your deep troll bites the yak.
Your deep troll claws the yak!!
Your deep troll claws the yak but does no damage.
You bludgeon the yak!!
You kill the yak!
Trog accepts your kill.
Okay, then.
You swap places.
Found a stone staircase leading up.
Things that are here:
a short sword of freezing; a robe; a yak corpse You butcher the yak corpse.
Nessos wields a longbow of flaming.
It bursts into flame!
Nessos shoots an arrow.
The arrow hits you!!
You die...

#.......#
#.......#
#.......#
###.......#
##.........#
...#.......#
...........#
#...<...#
#..)@T..#
#.......#
###.##### #c
.. ... #...
...<


You could see Nessos and a friendly deep troll (berserk).

Vanquished Creatures
  The ghost of Amnesiac the Bludgeoner, a journeyman OgNe of Kikubaaqudgha (Lair:4)
  Erolcha (D:13)
  3 vault guards (D:13)
  10 hydras
  Harold (Lair:3)
  A catoblepas (Lair:6)
  An ogre mage (D:13)
  A deep troll shaman (Lair:6)
  10 death yaks
  A tengu warrior (D:13)
  A deep elf knight (D:13)
  Sonja (D:10)
  A wizard (D:13)
  2 hill giants
  3 orc knights
  A manticore (D:13)
  A deep elf mage (D:13)
  3 cyclopes (D:12)
  An ugly thing (D:12)
  2 griffons
  A siren (Lair:2)
  14 elephants
  6 black mambas
  15 spiny frogs
  3 gargoyles
  A centaur skeleton (D:14)
  2 yaktaurs
  3 rime drakes
  4 kobold demonologists (D:12)
  9 komodo dragons
  A tengu conjurer (D:13)
  2 jumping spiders (Lair:3)
  3 polar bears (Lair:6)
  2 trolls
  2 two-headed ogres (D:13)
  10 slime creatures
  16 blink frogs
  3 boulder beetles
  2 wraiths
  A shadow (D:11)
  A vampire (D:13)
  A redback (Lair:3)
  45 yaks
  4 basilisks
  6 fire bats (Lair:3)
  2 wyverns
  A fire elemental (Lair:3)
  10 hippogriffs
  A human (D:13)
  3 hungry ghosts
  Menkaure (Ossuary)
  16 water moccasins
  4 porcupines
  4 black bears
  7 orc warriors
  4 slaves (D:4)
  3 ice beasts
  The ghost of Amnesiac the Grave Robber, an amateur OgNe (D:3)
  2 necrophages
  5 sky beasts
  2 wasps
  7 ogres
  A phantom (D:7)
  16 wolves
  11 centaurs
  13 crocodiles
  19 giant frogs
  3 big kobolds
  Blork the orc (D:4)
  An elf zombie (D:9)
  A wyvern zombie (D:11)
  4 scorpions
  A water moccasin skeleton (D:7)
  10 killer bees
  8 wights
  5 howler monkeys
  An electric eel (Lair:3)
  10 crimson imps
  5 centaur zombies
  8 jellies
  A quasit (D:11)
  3 hounds
  4 human zombies (D:9)
  3 orc priests
  Crazy Yiuf (D:4)
  17 orc wizards
  Jessica (D:2)
  2 giant frog skeletons
  2 human skeletons (D:9)
  11 iguanas
  15 worker ants
  2 sheep (D:12)
  A big kobold zombie (Ossuary)
  An ogre zombie (Ossuary)
  An ogre skeleton (D:9)
  2 hound zombies
  8 mummies
  7 gnolls
  A howler monkey skeleton (D:8)
  71 river rats
  13 adders
  8 shadow imps
  12 white imps
  9 oozes
  7 adder zombies
  5 dart slugs
  4 worms
  8 giant geckos
  64 orcs
  2 ball pythons (D:2)
  9 giant cockroaches
  8 goblins
  5 hobgoblins
  16 jackals
  12 kobolds
  7 quokkas
  7 bats
  A giant gecko skeleton (D:8)
  A giant gecko zombie (D:5)
  6 giant newts
  3 goblin zombies
  3 hobgoblin zombies (Ossuary)
  6 kobold zombies
  An orc zombie (D:9)
  5 quokka zombies
  16 rats
  5 rat zombies (Ossuary)
791 creatures vanquished.

Vanquished Creatures (collateral kills)
  A dire elephant (Lair:6)
  3 yaks (D:14)
4 creatures vanquished.

Vanquished Creatures (others)
  A death yak (Lair:6)
  A sky beast (D:12)
  19 fungi
  5 plants
26 creatures vanquished.

Grand Total: 821 creatures vanquished

Notes
Turn   | Place    | Note
-------+----------+-------------------------------------------
     0 | D:1      | HAL9000 the Ogre Hunter began the quest for the Orb.
     0 | D:1      | Reached XP level 1. HP: 22/22 MP: 1/1
   143 | D:1      | HP: 1/23 [giant gecko (1)]
   340 | D:1      | Reached XP level 2. HP: 9/31 MP: 2/2
  1111 | D:1      | Reached XP level 3. HP: 16/40 MP: 3/3
  1856 | D:1      | Reached skill level 5 in Fighting
  1866 | D:1      | Found a bloodstained altar of Trog.
  1884 | D:1      | Became a worshipper of Trog the Wrathful
  2182 | D:2      | Reached XP level 4. HP: 43/50 MP: 4/4
  2531 | D:2      | Reached skill level 1 in Maces & Flails
  2659 | D:2      | Noticed Jessica
  2684 | D:2      | Killed Jessica
  2684 | D:2      | Reached skill level 2 in Maces & Flails
  2684 | D:2      | Reached XP level 5. HP: 59/59 MP: 5/5
  2792 | D:2      | Reached * piety under Trog
  2854 | D:2      | Found a deep blue altar of Sif Muna.
  2909 | D:2      | Reached skill level 3 in Maces & Flails
  3477 | D:3      | Found a stormy altar of Qazlal.
  3701 | D:3      | Found a hide-covered altar of Uskayaw.
  3765 | D:3      | Noticed Amnesiac's ghost (amateur OgNe)
  3770 | D:3      | Killed Amnesiac's ghost
  3770 | D:3      | Reached skill level 5 in Maces & Flails
  3770 | D:3      | Reached XP level 6. HP: 65/67 MP: 6/6
  4056 | D:3      | Reached ** piety under Trog
  4151 | D:3      | Found an opulent altar of Gozag.
  4151 | D:3      | Found a snail-covered altar of Cheibriados.
  4311 | D:3      | Noticed a wasp
  4315 | D:3      | Killed a wasp
  4315 | D:3      | Reached skill level 6 in Maces & Flails
  4548 | D:4      | Reached skill level 7 in Maces & Flails
  4548 | D:4      | Reached XP level 7. HP: 75/75 MP: 7/7
  4600 | D:4      | Noticed Pikel
  4777 | D:4      | Noticed Blork the orc
  4779 | D:4      | Killed Blork the orc
  4779 | D:4      | Reached skill level 8 in Maces & Flails
  4868 | D:4      | Found a sand-covered staircase.
  4877 | Ossuary  | Entered an ossuary
  5150 | Ossuary  | Reached skill level 9 in Maces & Flails
  5454 | Ossuary  | Noticed Menkaure
  5460 | Ossuary  | Killed Menkaure
  5460 | Ossuary  | Reached skill level 10 in Maces & Flails
  5460 | Ossuary  | Reached XP level 8. HP: 83/83 MP: 8/8
  5876 | D:4      | Found a runed door.
  5881 | D:4      | Noticed Crazy Yiuf
  5883 | D:4      | Killed Crazy Yiuf
  5957 | D:4      | Reached skill level 11 in Maces & Flails
  6188 | D:5      | Entered Level 5 of the Dungeon
  6449 | D:5      | Reached *** piety under Trog
  6497 | D:5      | Reached skill level 12 in Maces & Flails
  7155 | D:5      | Found a hazy altar of Hepliaklqana.
  7334 | D:6      | Found a staircase to the Ecumenical Temple.
  7349 | D:6      | Reached XP level 9. HP: 73/89 MP: 9/9
  7425 | D:6      | Reached skill level 13 in Maces & Flails
  7437 | D:6      | Received a gift from Trog
  7774 | D:6      | Found a stormy altar of Qazlal.
  7863 | D:6      | Found a shattered altar of Ashenzari.
  8110 | D:7      | Noticed a troll
  8115 | D:7      | Killed a troll
  8115 | D:7      | Reached skill level 14 in Maces & Flails
  8148 | D:7      | Reached **** piety under Trog
  8354 | D:7      | Noticed a hill giant
  8360 | D:7      | Killed a hill giant
  8639 | D:7      | Reached skill level 15 in Maces & Flails
  8855 | D:8      | Got a twitching marble ring
  8869 | D:8      | Reached XP level 10. HP: 102/102 MP: 10/10
  8871 | D:8      | Identified the ring "Eseq" {rF+ MR+ Int+2 Dex+4} (You found it on level 8 of the Dungeon)
  9027 | D:8      | Found a bloodstained altar of Trog.
  9402 | D:8      | Found a staircase to the Lair.
  9916 | Lair:1   | Entered Level 1 of the Lair of Beasts
  9940 | Lair:1   | Noticed a spiny frog
  9950 | Lair:1   | Killed a spiny frog
 10157 | Lair:1   | Reached ***** piety under Trog
 10285 | Lair:1   | Reached skill level 16 in Maces & Flails
 10565 | Lair:1   | Received a gift from Trog
 10570 | Lair:1   | Noticed a black mamba
 10576 | Lair:1   | Killed a black mamba
 10836 | Lair:1   | Reached skill level 5 in Throwing
 11025 | Lair:1   | Reached XP level 11. HP: 96/115 MP: 11/11
 11371 | Lair:2   | Noticed a griffon
 11385 | Lair:1   | Killed a griffon
 11385 | Lair:1   | Reached skill level 5 in Dodging
 12332 | Lair:2   | Noticed an eight-headed hydra
 12646 | Lair:1   | Reached skill level 10 in Fighting
 12771 | Lair:2   | Killed an eight-headed hydra
 12771 | Lair:2   | Reached skill level 17 in Maces & Flails
 13084 | Lair:2   | Found a staircase to the Shoals.
 13135 | Lair:2   | Noticed a six-headed hydra
 13143 | Lair:2   | Killed a six-headed hydra
 13148 | Lair:2   | HP: 3/119 [spiny frog (18)]
 14283 | Lair:2   | Reached XP level 12. HP: 103/128 MP: 12/12
 14499 | Lair:3   | Received a gift from Trog
 14680 | Lair:3   | Found a hole to the Spider Nest.
 14725 | Lair:3   | HP: 6/130 [poisoned by a redback]
 14731 | Lair:3   | HP: 5/130 [poisoned by a redback]
 14737 | Lair:3   | HP: 5/130 [poisoned by a redback]
 14744 | Lair:3   | HP: 5/130 [poisoned by a redback]
 15197 | Lair:3   | Reached skill level 18 in Maces & Flails
 15749 | Lair:3   | Noticed a death yak
 15750 | Lair:3   | Got a jewelled whip
 15773 | Lair:3   | Identified the cursed +1 whip of Might {freeze, Str+2 Dex+3} (You found it on level 3 of the Lair of Beasts)
 16443 | Lair:3   | Noticed Harold
 16452 | Lair:3   | Killed Harold
 16635 | Lair:3   | Noticed a death yak
 16636 | Lair:3   | Noticed a death yak
 16636 | Lair:3   | Noticed a death yak
 16641 | Lair:3   | Noticed a death yak
 16641 | Lair:3   | Noticed a death yak
 16645 | Lair:3   | Killed a death yak
 16665 | Lair:2   | Killed a death yak
 16665 | Lair:2   | Received a gift from Trog
 17125 | Lair:3   | Killed a death yak
 17126 | Lair:3   | Killed a death yak
 17128 | Lair:3   | Killed a death yak
 17128 | Lair:3   | Reached skill level 19 in Maces & Flails
 17130 | Lair:3   | Killed a death yak
 17130 | Lair:3   | Reached XP level 13. HP: 141/141 MP: 13/13
 17404 | Lair:4   | Noticed Amnesiac's ghost (journeyman OgNe)
 17416 | Lair:4   | Killed Amnesiac's ghost
 18636 | Lair:5   | You fall through a shaft!
 18636 | Lair:6   | Entered Level 6 of the Lair of Beasts
 18636 | Lair:6   | Found a runed door.
 18636 | Lair:6   | Found a viscous altar of Jiyva.
 18650 | Lair:6   | Received a gift from Trog
 18798 | Lair:6   | Found a staircase to the Slime Pits.
 19741 | Lair:6   | Reached skill level 20 in Maces & Flails
 19754 | Lair:6   | Received a gift from Trog
 20650 | Lair:5   | HP: 7/144 [black mamba (7)]
 21237 | Lair:5   | Reached XP level 14. HP: 153/153 MP: 14/14
 22030 | Lair:6   | Received a gift from Trog
 22505 | Lair:6   | Reached skill level 10 in Throwing
 22792 | Lair:6   | Received a gift from Trog
 22814 | Lair:6   | Noticed a dire elephant
 22821 | Lair:6   | Killed a dire elephant
 22821 | Lair:6   | Reached skill level 21 in Maces & Flails
 23754 | D:9      | Received a gift from Trog
 24019 | D:9      | Found an ancient bone altar of Kikubaaqudgha.
 24420 | D:10     | Entered Level 10 of the Dungeon
 24618 | D:10     | Received a gift from Trog
 24798 | D:10     | Noticed Sonja
 24802 | D:10     | Killed Sonja
 25207 | D:11     | Received a gift from Trog
 25245 | D:11     | Reached skill level 1 in Armour
 25379 | D:11     | Found a basalt altar of Yredelemnul.
 25473 | D:11     | Found a staircase to the Orcish Mines.
 25934 | D:12     | Received a gift from Trog
 26310 | D:12     | Received a gift from Trog
 26435 | D:12     | Found a viscous altar of Jiyva.
 27182 | D:12     | Reached XP level 15. HP: 145/163 MP: 5/15
 27389 | D:12     | Received a gift from Trog
 27393 | D:12     | Reached skill level 5 in Armour
 27430 | D:12     | Got a crude giant club {god gift}
 27431 | D:12     | Identified the +7 giant club "Xourphyga" {god gift, flame, *Corrode Fragile Str+4 Int+10} (Trog gifted it to you on level 12 of the Dungeon)
 27984 | D:13     | Found Vuelucs's Armour Boutique.
 28504 | D:13     | Reached skill level 1 in Evocations
 29352 | D:13     | Found a gate to the Vaults.
 29363 | D:13     | Reached skill level 22 in Maces & Flails
 29472 | D:13     | Received a gift from Trog
 29483 | D:13     | Got a crude giant club {god gift}
 29485 | D:13     | Identified the +7 giant club of Mysticism {god gift, crush, rN++ Str-3} (Trog gifted it to you on level 13 of the Dungeon)
 29743 | D:13     | Noticed Erolcha
 29747 | D:13     | Killed Erolcha
 29813 | D:14     | Shot with an arrow by Nessos

Vault maps used:
D:1:      dpeg_arrival_water_altar, st_stairs_3
D:2:      lemuel_coloured_pillars_altar, serial_forest,
          infiniplex_forest_clump_C, infiniplex_forest_clump_tiny,
          infiniplex_forest_straight_2, infiniplex_forest_pool,
          infiniplex_forest_clump_large, infiniplex_forest_end_2,
          infiniplex_forest_straight_3, minmay_distorted, uniq_jessica
D:3:      gammafunk_temple_overflow_elements, nicolae_overflow_crystal_walls,
          first_bread, grunt_qazlal_sundering
D:4:      nicolae_ossuary_entry_giza, uniq_crazy_yiuf_cottage, uniq_pikel,
          uniq_blork_the_orc
D:5:      kennysheep_mini, kennysheep_generic_room_6
D:6:      lemuel_crystal_altar, evilmike_ruin_ashenzari
D:7:      uniq_menkaure
D:8:      trog_ov_bears_minmay, lair_0_dummy
D:9:      lemuel_mausoleum_altar_kikubaaqudgha
D:10:     uniq_sonja
D:11:     orc_0_dummy, basic_altar
D:12:     hangedman_little_slice_of_home, minmay_pinched_square
D:13:     grunt_vaults_entry_fortified, serial_shops, nicolae_shop_trees,
          uniq_erolcha
D:14:     trove_entry_hex_spiral, lab_entry_generic, nicolae_lava_and_water,
          nicolae_ru_awakened_eye, uniq_snorg, uniq_nessos, uniq_agnes
Lair:1:   grunt_forest_stairs_basic, nicolae_lair_grove_arrangements,
          grunt_forest_small_clearings, grunt_megastairs_2, lemuel_fruit_fields,
          serial_bayou_shore_b
Lair:2:   minmay_shoals_entry_lonely_mermaid
Lair:3:   spider_nest_entry_a, uniq_harold
Lair:4:   infiniplex_staircase_pool_2, grunt_megastairs_5
Lair:5:   beast_lair_carwin_large_2, portal_ice_cave_entry_imps,
          grunt_megastairs_1, infiniplex_staircase_pool
Lair:6:   grunt_lair_end_beastmaster, slime_altar_2, minivault_11
Ossuary:  ossuary_boxes_badplayer

Skill      XL: |  1  2  3  4  5  6  7  8  9 10 11 12 13 14 15 |
---------------+----------------------------------------------+-----
Fighting       | 3 4 5 6 7 9 10 12 13 14 | 14.7
Maces & Flails | 2 5 7 10 12 15 16 17 19 20 21 22 | 22.1
Dodging        | 3 4 6 7 8 9 |  9.7
Throwing       | 5 6 8 9 10 | 10.5
Armour         | 4 6 |  6.0
Evocations     | 2 |  2.1
Stealth        | |  0.7

Action                   |  1- 3 |  4- 6 |  7- 9 | 10-12 | 13-15 || total
-------------------------+-------+-------+-------+-------+-------++-------
Melee: Short sword       |   180 |    31 |       |       |       ||   211
       Club              |       |   203 |       |       |       ||   203
       Whip              |       |    44 |   295 |       |       ||   339
       Mace              |       |       |    20 |       |       ||    20
       Giant spiked club |       |       |    95 |   483 |  1153 ||  1731
       Dire flail        |       |       |       |    15 |       ||    15
Throw: Large rock        |     4 |    15 |    20 |    22 |    45 ||   106
       Tomahawk          |       |       |       |     3 |       ||     3
Invok: Berserk           |       |       |     1 |     3 |     4 ||     8
       Trog's Hand       |       |       |       |     5 |     5 ||    10
       Brothers in Arms  |       |       |       |     2 |     3 ||     5
Evoke: Rod               |       |       |       |       |     1 ||     1
  Use: Scroll            |     1 |     2 |    18 |     5 |     7 ||    33
       Potion            |     4 |       |       |     3 |     3 ||    10
 Stab: Sleeping          |       |     1 |     4 |     4 |     8 ||    17
       Distracted        |       |       |     1 |     1 |     2 ||     4
  Eat: Chunk             |     3 |     9 |     9 |    24 |    37 ||    82
       Meat ration       |       |       |     1 |       |     1 ||     2
       Royal jelly       |       |       |       |     3 |       ||     3
       Pizza             |       |       |       |     3 |       ||     3
       Fruit             |       |       |       |     3 |     8 ||    11
       Beef jerky        |       |       |       |       |     1 ||     1
Armor: Robe              |    74 |   106 |   106 |   103 |   181 ||   570
Dodge: Dodged            |   150 |   157 |   150 |   298 |   736 ||  1491
Block: Other             |       |       |     2 |    63 |   108 ||   173
       Reflection        |       |       |       |     1 |     6 ||     7
